 Dungeon Crawl Stone Soup version 0.15.0-16-gce31824 (console) character file.

3304 gw the Cleaver (level 9, -1/82 HPs)
             Began as a Deep Dwarf Gladiator on Sept 5, 2014.
             Killed from afar by wheals' ghost (26 damage)
             ... with a blast of negative energy
             ... on Level 8 of the Dungeon.
             The game lasted 00:06:10 (8105 turns).

gw the Cleaver (Deep Dwarf Gladiator)               Turns: 8105, Time: 00:06:10

HP  -1/82        AC 16     Str 19      XL: 9   Next: 70%
MP   3/3         EV  5     Int  9      God:
Gold 0           SH  0     Dex 16      Spells:  0 memorised,  8 levels left

rFire  . . .     SeeInvis .     a - +2 war axe
rCold  . . .     Clarity  .     q - +0 plate armour
rNeg   . . .     rCorr    .     (no shield)
rPois  .         rRot     .     c - +0 helmet
rElec  .         Spirit   .     (no cloak)
SustAb +         Warding  .     n - +1 pair of gloves
rMut   .         Stasis   .     (no boots)
Gourm  .                        (no amulet)
MR     +....                    (no ring)
                                l - ring of sustain abilities

@: non-regenerating, drained, somewhat resistant to hostile enchantments,
extremely unstealthy
A: damage resistance, recharge devices, sense surroundings 2, slow healing 3
a: Device Recharging


You were on level 8 of the Dungeon.
You were not hungry.

You visited 2 branches of the dungeon, and saw 9 of its levels.

Inventory:

Hand weapons
 a - a +2 war axe (weapon)
Missiles
 d - 3 throwing nets
 p - 159 stones
 u - a tomahawk (quivered)
Armour
 c - a +0 helmet (worn)
 n - a +1 pair of gloves (worn)
 q - a +0 plate armour (worn)
Magical devices
 e - a wand of heal wounds (2)
Comestibles
 f - 3 bread rations
 g - 3 royal jellies
 i - 6 meat rations
 m - 3 beef jerkies
 s - 3 fruits
Scrolls
 j - 4 scrolls of identify
 k - 2 scrolls of remove curse
Jewellery
 l - a ring of sustain abilities (left hand)
Potions
 b - a potion of flight
 h - a potion of restore abilities
 o - a potion of mutation
 r - a potion of curing
 t - a potion of haste


   Skills:
 + Level 5.9(4.7) Fighting
 * Level 10.0(8.7) Axes
 + Level 5.6(4.4) Throwing
 + Level 6.8(5.6) Armour
 - Level 3.2(2.1) Dodging


You had 8 spell levels left.
You didn't know any spells.

Dungeon Overview and Level Annotations

Branches:
Dungeon (8/15)             Temple (1/1) D:5
   Lair: D:8-11

Altars:
Ashenzari
Cheibriados
Dithmenos
Elyvilon
Fedhas
Kikubaaqudgha
Nemelex Xobeh
Okawaru
Qazlal
Sif Muna
Trog
Vehumet
Xom
Yredelemnul
Zin
The Shining One

Shops:
D:7 *   D:8 (

Annotations:
D:6 exclusion: downstairs
D:7 exclusion: downstairs
D:8 wheals' ghost, experienced DrTm


Innate Abilities, Weirdness & Mutations

You are resistant to damage.
You can recharge devices by infusing magical energy.
You passively map the area around you.
You do not heal naturally.


Message History

Search for what [Enter for "altar&&makhleb", or ? for help]? altar&&makhleb Can't find anything matching that.
Wheals' ghost is too close now for your liking.
FLEEEEING!
MOVING TO (8,-1) MOVING TO (7,-1) Search for what [Enter for "altar&&makhleb", or ? for help]? altar&&makhleb Can't find anything matching that.
Wheals' ghost is too close now for your liking.
MOVING TO (7,4) MOVING TO (6,3) MOVING TO (5,3) Wheals' ghost breathes negative energy at you.
The blast of negative energy hits you!
You feel drained.
MOVING TO (4,2) MOVING TO (3,2) MOVING TO (2,1) Wheals' ghost breathes negative energy at you.
The blast of negative energy hits you!
You feel drained.
You die...

#..## ##......#8#
#.......## ##.. <.##
##....##.###.......# ##.
.## #...###%##..###>..#
#. ##
##(..###....####...# #.
# ##.....##...####...##
#. ##..........####...##
#. #
##.).##.W....###...## #.
#####).)####.....##...##
#. .......##
##...g....## ## ......##
#.......## ......#
#.......# ......#
##......# ###[..##
#.....## ##...# ##...=#
#..## ##...# #..# #...#
#..# #...#


You could see wheals' ghost.

Table legend:
 A = Turns spent in this place as a percentage of turns spent in the entire game.
 B = Non-inter-level travel turns spent in this place as a percentage of non-inter-level travel turns spent in the entire game.
 C = Inter-level travel turns spent in this place as a percentage of turns spent in this place.
 D = Turns resting spent in this place as a percentage of non-inter-level travel turns spent in this place.
 E = Turns spent auto-exploring this place as a percentage of non-inter-level travel turns spent in this place.
 F = Non-inter-level travel turns spent in this place divided by the number of levels of this place that you've seen.
                   A       B       C       D       E      F
               +-------+-------+-------+-------+-------+----------------------
         Total | 100.0 | 100.0 |   1.6 |   0.1 |  12.8 | 319.7
       Dungeon |  99.2 |  99.2 |   1.6 |   0.1 |  12.5 | 356.9
        Temple |   0.8 |   0.8 |   4.3 |   0.0 |  45.5 |  22.0
               +-------+-------+-------+-------+-------+----------------------

Table legend:
 A = Kills in this place as a percentage of kills in entire the game.
 B = Kills by you in this place as a percentage of kills by you in the entire game.
 C = Kills by friends in this place as a percentage of kills by friends in the entire game.
 D = Other kills in this place as a percentage of other kills in the entire game.
 E = Experience gained in this place as a percentage of experience gained in the entire game.
 F = Experience gained in this place divided by the number of levels of this place that you have seen.
                   A       B       C       D       E      F
               +-------+-------+-------+-------+-------+----------------------
         Total | 100.0 | 100.0 |  -nan |  -nan | 100.0 | 524.4
       Dungeon | 100.0 | 100.0 |  -nan |  -nan | 100.0 | 590.0
               +-------+-------+-------+-------+-------+----------------------

Vanquished Creatures
  Pikel (D:7)
  The ghost of Phlounder the Sneak, an experienced GrWn (D:5)
  Grinder (D:6)
  A hippogriff (D:6)
  Edmund (D:6)
  A yellow wasp (D:7)
  2 phantoms
  2 slaves
  2 ogres
  An ice beast (D:8)
  3 centaurs
  A big kobold (D:8)
  Sigmund (D:7)
  Duvessa (D:6)
  A giant frog (D:7)
  A jelly (D:7)
  A scorpion (D:7)
  A hippogriff skeleton (D:8)
  3 crimson imps
  4 goliath beetles
  Dowan (D:6)
  3 hounds
  An orc wizard (D:6)
  An iguana (D:5)
  4 worker ants
  A killer bee zombie (D:5)
  Jessica (D:7)
  2 ogre skeletons (D:4)
  2 hound skeletons
  A scorpion zombie (D:7)
  12 adders
  2 shadow imps
  A worm (D:2)
  2 adder skeletons
  An orc zombie (D:8)
  3 giant geckos
  2 oozes
  8 orcs
  2 bat zombies
  19 hobgoblins
  20 jackals
  16 kobolds
  3 quokkas
  3 ball pythons
  11 bats
  9 giant cockroaches
  6 giant newts
  14 goblins
  12 rats
193 creatures vanquished.

Notes
Turn   | Place    | Note
--------------------------------------------------------------
     0 | D:1      | gw, the Deep Dwarf Gladiator, began the quest for the Orb.
     0 | D:1      | Reached XP level 1. HP: 19/19 MP: 1/1
   156 | D:1      | Reached XP level 2. HP: 24/26 MP: 2/2
   504 | D:1      | Reached skill level 1 in Armour
   752 | D:1      | Gained mutation: You are partially covered in iridescent scales (AC +4). [potion of mutation]
   752 | D:1      | Gained mutation: You are robust (+10% HP). [potion of mutation]
   752 | D:1      | Gained mutation: You are partially covered in rugged brown scales (AC +1, +3% HP). [potion of mutation]
   778 | D:2      | Reached XP level 3. HP: 32/36 MP: 3/3
   879 | D:2      | Reached skill level 4 in Axes
  1122 | D:2      | Reached XP level 4. HP: 38/45 MP: 4/4
  2231 | D:4      | Reached XP level 5. HP: 35/51 MP: 5/5
  2688 | D:4      | Found a bloodstained altar of Trog.
  2688 | D:4      | Found a glowing silver altar of Zin.
  3020 | D:4      | Reached skill level 5 in Axes
  3297 | D:4      | Lost mutation: You are robust (+10% HP). [potion of cure mutation]
  3297 | D:4      | Lost mutation: You are partially covered in iridescent scales (AC +4). [potion of cure mutation]
  3297 | D:4      | Lost mutation: You are partially covered in rugged brown scales (AC +1, +3% HP). [potion of cure mutation]
  3308 | D:5      | Entered Level 5 of the Dungeon
  3426 | D:5      | Noticed a centaur
  3433 | D:5      | Killed a centaur
  3433 | D:5      | Reached XP level 6. HP: 33/56 MP: 6/6
  3630 | D:5      | Found a staircase to the Ecumenical Temple.
  3639 | Temple   | Entered the Ecumenical Temple
  3730 | D:5      | Noticed Phlounder's ghost (experienced GrWn)
  3956 | D:5      | Killed Phlounder's ghost
  3956 | D:5      | Reached skill level 6 in Axes
  3956 | D:5      | Reached XP level 7. HP: 29/63 MP: 7/7
  4408 | D:6      | Noticed Duvessa
  4409 | D:6      | Noticed Dowan
  4420 | D:6      | Killed Dowan
  4437 | D:6      | Killed Duvessa
  4437 | D:6      | Reached skill level 7 in Axes
  4492 | D:6      | Reached XP level 8. HP: 40/72 MP: 8/8
  4513 | D:6      | Noticed Grinder
  4550 | D:6      | Paralysed by Grinder for 5 turns
  4557 | D:6      | Killed Grinder
  4702 | D:6      | Reached skill level 5 in Armour
  5056 | D:6      | Found an ancient bone altar of Kikubaaqudgha.
  5182 | D:6      | Noticed Edmund
  5207 | D:6      | Killed Edmund
  5207 | D:6      | Reached skill level 8 in Axes
  6236 | D:7      | Reached skill level 5 in Fighting
  6304 | D:7      | Noticed Sigmund
  6382 | D:7      | Killed Sigmund
  6417 | D:7      | Gained mutation: You passively map the area around you. [level up]
  6417 | D:7      | Reached XP level 9. HP: 31/81 MP: 4/4
  6524 | D:7      | Reached skill level 5 in Throwing
  6564 | D:7      | Found Kiewkoz's General Store.
  6575 | D:7      | Reached skill level 9 in Axes
  6677 | D:7      | Noticed Pikel
  7237 | D:7      | Killed Pikel
  7394 | D:7      | Noticed Jessica
  7412 | D:7      | Found a deep blue altar of Sif Muna.
  7452 | D:7      | Killed Jessica
  7554 | D:8      | Found Twockew's Weapon Emporium.
  7849 | D:8      | Reached skill level 10 in Axes
  7952 | D:8      | Found a white marble altar of Elyvilon.
  8095 | D:8      | Noticed wheals' ghost (experienced DrTm)
  8105 | D:8      | Killed from afar by wheals' ghost

Action                   |  1- 3 |  4- 6 |  7- 9 || total
-------------------------+-------+-------+-------++-------
Melee: War axe           |   118 |   172 |   439 ||   729
Throw: Javelin           |    23 |    70 |       ||    93
       Stone             |    14 |    25 |   236 ||   275
       Tomahawk          |       |    31 |    43 ||    74
 Abil: Device Recharging |       |       |     6 ||     6
Evoke: Wand              |       |     6 |    25 ||    31
  Use: Potion            |     5 |     8 |     1 ||    14
       Scroll            |     1 |     8 |     6 ||    15
  Eat: Chunk             |     1 |     9 |    10 ||    20
       Bread ration      |       |       |     1 ||     1

Vault maps used:
D:1:      dpeg_arrival_prison, st_stairs_9
D:2:      guppyfry_early_orc_mine
D:4:      gammafunk_temple_overflow_wave, kennysheep_generic_room_6
D:5:      first_bread
D:6:      overflow_temple_1_default, minivault_19, uniq_duvessa, uniq_edmund,
          uniq_grinder
D:7:      serial_shops, shop, tgw_sif, uniq_sigmund, uniq_pikel
D:8:      elyvilon_altar_1, serial_shops, shop_statue
Temple:   nicolae_temple_x_marks_the_god
